 Dungeon Crawl Stone Soup version 0.31-a0-175-g9f7f995f2b (webtiles) character file.

Game seed: 10827411821399277945

227 jasper the Ducker (level 5, 0/26 HPs)
             Began as a Spriggan Conjurer on June 16, 2023.
             Succumbed to Eustachio's poison
             ... on level 4 of the Dungeon.
             The game lasted 00:03:23 (2984 turns).

jasper the Ducker (Spriggan Conjurer)               Turns: 2984, Time: 00:03:24

Health: 0/26       AC:  3    Str:  3    XL:     5   Next: 70%
Magic:  2/11       EV: 18    Int: 22    God:
Gold:   144        SH:  0    Dex: 13    Spells: 0/11 levels left

rFire   . . .        m - +0 spear
rCold   . . .        (no shield)
rNeg    . . .        a - +1 robe
rPois   .            (helmet restricted)
rElec   .            (no cloak)
rCorr   .            (gloves unavailable)
SInv    +            (boots unavailable)
Will    .....        (no amulet)
Stlth   ++           c - ring of wizardry
HPRegen 0.24/turn    (no ring)
MPRegen 0.12/turn

%: wizardry (x1)
@: lethally poisoned (0 -> -16), very quick
A: very small, no large weapons, unfitting armour, see invisible, speed 3
a: no special abilities


You were on level 4 of the Dungeon.
You visited 1 branch of the dungeon, and saw 4 of its levels.

You collected 144 gold pieces.

Inventory:

Hand Weapons
 m - a +0 spear (weapon)
Missiles
 j - 3 curare-tipped darts
Armour
 a - a +1 robe (worn)
Jewellery
 c - a ring of wizardry (left hand)
Scrolls
 d - 2 scrolls of teleportation
 e - a scroll of identify {unknown}
 l - a scroll of fog
 n - a scroll of immolation
Potions
 b - a potion of magic


   Skills:
 + Level 1.9 Fighting
 + Level 4.3 Dodging
 - Level 3.0 Stealth
 + Level 3.6 Spellcasting
 * Level 4.1 Conjurations


You couldn't memorise any spells.
You knew the following spells:

 Your Spells              Type           Power      Damage    Failure   Level
a - Magic Dart            Conj           88%        1d7       1%          1
b - Searing Ray           Conj           44%        2d6       1%          2
c - Fulminant Prism       Conj/Hex       6%         3d7       19%         4
d - Iskenderun's Mystic   Conj/Tloc      13%        2d5       19%         4

Your spell library contained the following spells:

 Spells                   Type           Power      Damage    Failure   Level
 Dazzling Flash           Conj/Hex       26%        N/A       6%          3
 Cigotuvi's Dreadful Rot  Necr/Pois/Air  8%         N/A       7%          2
 Ignite Poison            Fire/Tmut/Pois 4%         N/A       14%         3
 Freezing Cloud           Conj/Ice/Air   5%         6-21      56%         5


Dungeon Overview and Level Annotations

Branches:
Dungeon (4/15)
 Temple: D:4-7

Altars:

Annotations:
D:3 Terence
D:4 Eustachio


Innate Abilities, Weirdness & Mutations

You are very small and have problems with some larger weapons.
You are too small for most types of armour.
You have supernaturally acute eyesight. (SInv)
You cover ground extremely quickly. (Speed+++)


Message History

The iron imp shouts, "Slither home, thou pribbling earth-vexing harpy!"
The iron imp completely misses you.
You now have 2/11 mp.
You finish channelling your searing ray.
The iron imp closely misses you.
Eustachio gestures wildly while chanting.
Eustachio blinks!
You hit Eustachio but do no damage.
Eustachio is heavily wounded.
Eustachio hits you with a +1 rapier of venom.
You are poisoned.
You take 4 damage, and have 22/26 hp.
You closely miss Eustachio.
Eustachio is heavily wounded.
You feel very sick.
Eustachio hits you with a +1 rapier of venom!
You are lethally poisoned!
The iron imp misses you.
You take 11 damage, and have 11/26 hp.
MASSIVE DAMAGE!!
It was a potion of lignification.
You turn into a tree.
Your +1 robe melds into your body.
Your roots penetrate the ground.
* * * LOW HITPOINT WARNING * * *
You feel very sick. Eustachio barely misses you.
The iron imp hits you but does no damage.
You now have 11/39 hp.
It was a potion of invisibility.
You fade into invisibility!
* * * LOW HITPOINT WARNING * * *
You feel very sick.
Eustachio casts a spell.
The iron imp hits you but does no damage.
You take 4 damage, and have 7/39 hp.
It was a potion of cancellation.
Your magical effects are unravelling.
You feel magically purged.
You feel less wooden.
Your +1 robe unmelds from your body.
You flicker back into view.
You die...

##.....♣♣ ##.......♣♣
#...≈~≈...♣.
##..≈≈~≈≈....
#...~~♣~†...[
###...≈≈~≈≈....
#$.....≈~≈...♣
#########.###.......♣
......@@5.# ##.....♣♣
########r######.##♣♣
#.#........#
#.#.####.#.# #.#.#
#.#.###### ....#
#......... #...#
#.######## ###.####.#
#.##...#


You could see Eustachio, an iron imp (summoned) and a quokka (summoned).

Vanquished Creatures
  Menkaure (D:4)
  Robin (D:3)
  2 adders
  3 worms
  2 dart slugs
  7 bats
  5 endoplasms
  2 giant cockroaches
  6 goblins
  8 hobgoblins
  5 kobolds
  3 quokkas (D:1)
  9 ball pythons
  4 frilled lizards
  5 rats
63 creatures vanquished.

Notes
Turn   | Place    | Note
-------+----------+-------------------------------------------
     0 | D:1      | jasper the Spriggan Conjurer began the quest for the Orb.
     0 | D:1      | Reached XP level 1. HP: 9/9 MP: 5/5
   232 | D:1      | Reached XP level 2. HP: 13/13 MP: 4/6
   855 | D:1      | Reached XP level 3. HP: 17/17 MP: 5/8
   858 | D:1      | Learned a level 2 spell: Searing Ray
  1447 | D:2      | Reached skill level 1 in Fighting
  2436 | D:3      | Reached XP level 4. HP: 21/22 MP: 4/9
  2441 | D:3      | Learned a level 4 spell: Fulminant Prism
  2506 | D:3      | Noticed Robin
  2514 | D:3      | Noticed Terence
  2517 | D:3      | Killed Robin
  2653 | D:4      | Noticed Menkaure
  2673 | D:4      | Killed Menkaure
  2674 | D:4      | Reached XP level 5. HP: 26/26 MP: 1/11
  2679 | D:4      | Learned a level 4 spell: Iskenderun's Mystic Blast
  2968 | D:4      | Noticed Eustachio
  2984 | D:4      | Succumbed to Eustachio's poison

Illustrated notes

Levels and vault maps discovered:
D:1:      psy_arrival_terrarium, layout_loops_ring
D:2:      layout_basic
D:3:      layout_loops_ring, nicolae_elevator_lobby_plus, uniq_jessica,
          uniq_robin, uniq_terence
D:4:      layout_loops_ring, elyvilon_altar_3, uniq_eustachio, uniq_ijyb,
          uniq_menkaure, uniq_crazy_yiuf_cottage

Skill      XL: |  1  2  3  4 |
---------------+-------------+-----
Conjurations   | 3 4 |  4.1
Dodging        | 3 4 |  4.3
Spellcasting   | 3 |  3.6
Fighting       | 1 |  1.9
Stealth        | |  3.0

Action                     |  1- 3 |  4- 6 || total
---------------------------+-------+-------++-------
  Melee: Unarmed           |     6 |       ||     6
         Spear             |       |    10 ||    10
   Cast: Magic Dart        |    95 |    18 ||   113
         Searing Ray       |     3 |     6 ||     9
    Use: Scroll            |     6 |     1 ||     7
         Potion            |       |     3 ||     3
 Armour: Robe              |     1 |     4 ||     5
         Skin              |       |     2 ||     2
  Dodge: Dodged            |    18 |    16 ||    34

Table legend: (Time is in decaauts)
 A = Elapsed time spent in this place.
 B = Non-inter-level travel time spent in this place.
 C = Inter-level travel time spent in this place.
 D = Time resting spent in this place.
 E = Time spent auto-exploring this place.
 F = Levels seen in this place.
 G = Mean time per level.
                   A        B        C        D        E       F      G
               +--------+--------+--------+--------+--------+-----+--------+
         Total |   2413 |   2380 |     33 |    111 |   1966 |   4 |  603.2 |
       Dungeon |   2413 |   2380 |     33 |    111 |   1966 |   4 |  603.2 |
               +--------+--------+--------+--------+--------+-----+--------+

Top non-repeatable levels by time:
     D:1: 1033 daAuts
     D:2: 877 daAuts
     D:4: 398 daAuts
     D:3: 104 daAuts
